 Dungeon Crawl Stone Soup version 0.31-a0-819-gf6de2f5ab6 (webtiles) character file.

Game seed: 6344542819643613969

334 Shayle the Ducker (level 6, -10/55 HPs)
             Began as an Ogre Hexslinger on Sept 24, 2023.
             Mangled by a gnoll sergeant
             ... wielding the +5 woodcutter's axe
              (19 damage)
             ... on level 3 of the Dungeon.
             The game lasted 00:06:31 (3181 turns).

Shayle the Ducker (Ogre Hexslinger)                 Turns: 3181, Time: 00:06:32

Health: -10/55     AC:  3    Str: 13    XL:     6   Next: 53%
Magic:  7/7        EV: 16    Int: 14    God:
Gold:   157        SH:  0    Dex: 13    Spells: 5/7 levels left

rFire   . . .        a - +1 sling
rCold   . . .        (no shield)
rNeg    . . .        c - +0 robe
rPois   .            (helmet restricted)
rElec   .            (no cloak)
rCorr   .            (gloves unavailable)
SInv    .            (boots unavailable)
Will    .....        (no amulet)
Stlth   +            b - +5 ring of evasion
HPRegen 0.29/turn    (no ring)
MPRegen 0.10/turn

%: no passive effects
@: brilliant
A: large, unfitting armour, tough skin 1
a: no special abilities


You were on level 3 of the Dungeon.
You visited 1 branch of the dungeon, and saw 3 of its levels.

You collected 157 gold pieces.

Inventory:

Hand Weapons
 a - a +1 sling (weapon)
Armour
 c - a +0 robe (worn)
Jewellery
 b - a +5 ring of evasion (left hand)
Wands
 h - a wand of flame (14)
Scrolls
 g - 2 scrolls of identify
Potions
 e - 2 potions of curing


   Skills:
 - Level 1.3 Fighting
 - Level 1.3 Ranged Weapons
 + Level 5.2 Dodging
 - Level 3.0 Unarmed Combat
 - Level 1.2 Spellcasting
 - Level 2.6 Hexes
 - Level 0.8 Fire Magic


You had 5 spell levels left.
You knew the following spells:

 Your Spells              Type           Power      Damage    Failure   Level
a - Jinxbite              Hex            24%        N/A       13%         2

Your spell library contained the following spells:

 Spells                   Type           Power      Damage    Failure   Level
 Ensorcelled Hibernation  Hex/Ice        12%        N/A       22%         2
 Shock                    Conj/Air       4%         1d3       26%         1
 Sigil of Binding         Hex            12%        N/A       26%         3
 Inner Flame              Hex/Fire       8%         N/A       36%         3
 Swiftness                Air            1%         N/A       61%         3
 Cause Fear               Hex            6%         N/A       65%         4
 Anguish                  Hex/Necr       3%         N/A       83%         4
 Dimensional Bullseye     Hex/Tloc       3%         N/A       83%         4
 Airstrike                Air            0%         2d(1-17)  95%         4


Dungeon Overview and Level Annotations

Branches:
Dungeon (3/15)

Altars:
Sif Muna

Shops:
D:1 (

Annotations:
D:3 1 runed translucent door, Crazy Yiuf


Innate Abilities, Weirdness & Mutations

You are too large for most types of armour.
You have tough skin. (AC +1)


Message History

Fire: a) +1 sling
Press: ? - help, Q - select action, (/) - cycle Shift-Dir - straight line, f - gnoll sergeant
Aim: a gnoll sergeant, wielding the +5 woodcutter's axe and wearing a +0 ring mail (wandering, inner flame, hasn't noticed you, 62% to hit)
You shoot a sling bullet.
The sling bullet closely misses the gnoll sergeant.
The gnoll sergeant shouts!
A gnoll comes into view. It is wielding a +0 mace.
Okay, then.
Fire: a) +1 sling
Press: ? - help, Q - select action, (/) - cycle Shift-Dir - straight line, f/p - gnoll sergeant
Aim: a gnoll sergeant, wielding the +5 woodcutter's axe and wearing a +0 ring mail (inner flame, 62% to hit)
You shoot a sling bullet.
The sling bullet closely misses the gnoll sergeant.
The gnoll shouts!
It was a potion of brilliance.
You feel clever all of a sudden.
The gnoll sergeant attacks as it pursues you!
The gnoll sergeant completely misses you.
The gnoll sergeant attacks as it pursues you!
The gnoll sergeant hits you with the +5 woodcutter's axe!
The gnoll sergeant attacks as it pursues you!
The gnoll sergeant barely misses you.
The gnoll sergeant attacks as it pursues you!
The gnoll sergeant barely misses you.
There is a stone staircase leading up, spattered with blood here.
Things that are here:
a +0 war axe; a +0 short sword The gnoll sergeant attacks as it pursues you!
The gnoll sergeant closely misses you.
The gnoll sergeant attacks as it pursues you!
The gnoll sergeant closely misses you.
The gnoll sergeant attacks as it pursues you!
The gnoll sergeant hits you with the +5 woodcutter's axe!
The gnoll sergeant's inner flame fades away.
The gnoll sergeant attacks as it pursues you!
The gnoll sergeant hits you with the +5 woodcutter's axe!!
* * * LOW HITPOINT WARNING * * *
The gnoll sergeant attacks as it pursues you!
The gnoll sergeant hits you with the +5 woodcutter's axe!!
You die...

####......(.......###....#####...
#.)...........>...# #.###........
#.#.....<)........###.# ###..#...
....#...).........#...# ##.....
...##.........##g...### ###..#
....##.......##.......# ###≈####
#######.....###.......# ##≈≈≈≈≈##
####..# #.g.....###≈≈≈≈≈≈≈#
##.)####.@.....##≈≈≈....≈≈ .
#......#......###≈~~####.≈ .
######........8.8.8##..##≈ .
##............))..'..._#≈ .
#.....#......8.8.8##..##≈ ♣
#..##........###≈~~####.≈ .
#####..........#≈≈≈....≈≈ .
####......###...##≈≈≈≈≈≈≈#
#...).###...#)...##≈≈≈≈≈##


You could see a gnoll sergeant and a gnoll.

Vanquished Creatures
  A black bear (D:2)
  An orc priest (D:3)
  Jessica (D:3)
  An orc wizard (D:3)
  6 adders
  3 gnolls (D:3)
  2 worms
  2 dart slugs
  7 orcs
  4 endoplasms (D:1)
  3 giant cockroaches
  5 goblins
  A hobgoblin (D:2)
  10 jackals
  A quokka (D:1)
  4 ball pythons
  9 bats
  A frilled lizard (D:1)
  5 kobolds
  2 rats
69 creatures vanquished.

Notes
Turn   | Place    | Note
-------+----------+-------------------------------------------
     0 | D:1      | Shayle the Ogre Hexslinger began the quest for the Orb.
     0 | D:1      | Reached XP level 1. HP: 19/19 MP: 2/2
    70 | D:1      | Reached skill level 2 in Dodging
   196 | D:1      | Reached XP level 2. HP: 27/27 MP: 3/3
   235 | D:1      | Found Hozap's Weapon Shop.
   292 | D:1      | Reached skill level 1 in Unarmed Combat
   917 | D:1      | Reached XP level 3. HP: 23/33 MP: 4/4
   962 | D:1      | Found a faded altar of an unknown god.
  1060 | D:2      | Noticed a black bear
  1071 | D:2      | Killed a black bear
  1072 | D:2      | Reached skill level 3 in Dodging
  1072 | D:2      | Reached XP level 4. HP: 38/41 MP: 5/5
  1072 | D:2      | Reached XP level 5. HP: 45/48 MP: 6/6
  2148 | D:3      | Noticed Jessica
  2246 | D:3      | Reached skill level 4 in Dodging
  2406 | D:3      | Found a runed translucent door.
  2407 | D:3      | Noticed Crazy Yiuf
  2541 | D:3      | Reached XP level 6. HP: 32/55 MP: 7/7
  2601 | D:3      | Killed Jessica
  2616 | D:3      | Learned a level 2 spell: Jinxbite
  2824 | D:3      | Found a shimmering blue altar of Sif Muna.
  2850 | D:3      | Reached skill level 5 in Dodging
  3181 | D:3      | Mangled by a gnoll sergeant

Illustrated notes

Levels and vault maps discovered:
D:1:      lemuel_arrival_muddy, layout_basic, serial_shops,
          nicolae_shop_rolling_square, shapermc_ecumenical_altar_petra
D:2:      layout_basic
D:3:      layout_rooms, kennysheep_orc_sif_temple, pf_guarded_unrand_woodcutter,
          uniq_crazy_yiuf_cottage, uniq_jessica

Skill      XL: |  1  2  3  4  5  6 |
---------------+-------------------+-----
Dodging        | 2 3 4 5 |  5.2
Unarmed Combat | 1 2 3 |  3.0
Fighting       | |  1.3
Ranged Weapons | |  1.3
Spellcasting   | |  1.2
Hexes          | |  2.6
Fire Magic     | |  0.8

Action                     |  1- 3 |  4- 6 || total
---------------------------+-------+-------++-------
  Melee: Sling             |       |     1 ||     1
   Fire: Sling             |   115 |   263 ||   378
    Use: Scroll            |     1 |     5 ||     6
         Potion            |       |     4 ||     4
 Armour: Robe              |    67 |   135 ||   202
  Dodge: Dodged            |    55 |   261 ||   316

Table legend: (Time is in decaauts)
 A = Elapsed time spent in this place.
 B = Non-inter-level travel time spent in this place.
 C = Inter-level travel time spent in this place.
 D = Time resting spent in this place.
 E = Time spent auto-exploring this place.
 F = Levels seen in this place.
 G = Mean time per level.
                   A        B        C        D        E       F      G
               +--------+--------+--------+--------+--------+-----+--------+
         Total |   3296 |   3185 |    111 |    230 |   2114 |   3 | 1098.7 |
       Dungeon |   3296 |   3185 |    111 |    230 |   2114 |   3 | 1098.7 |
               +--------+--------+--------+--------+--------+-----+--------+

Top non-repeatable levels by time:
     D:2: 1266 daAuts
     D:1: 1028 daAuts
     D:3: 1002 daAuts
